 Dungeon Crawl Stone Soup version 0.21-a0-509-gecc5317 (webtiles) character file.

7375 Hafrunt the Transmogrifier (level 10, -10/105 HPs)
             Began as a White Draconian Transmuter on Nov 30, 2017.
             Was a Follower of Makhleb.
             Mangled by an orc warrior
             ... wielding a +0 halberd
              (15 damage)
             ... on level 10 of the Dungeon.
             The game lasted 00:49:27 (12172 turns).

Hafrunt the Transmogrifier (DrTm)                  Turns: 12172, Time: 00:49:28

Health: -10/105    AC:  6    Str: 13    XL:     10   Next: 92%
Magic:  12/15      EV: 12    Int: 14    God:    Makhleb [*.....]
Gold:   470        SH:  0    Dex: 14    Spells: 1/16 levels left

rFire    x . .     SeeInvis .     - Unarmed
rCold    + + +     Gourm    .   (shield currently unavailable)
rNeg     + . .     Faith    .   (armour unavailable)
rPois    +         Spirit   .   (helmet currently unavailable)
rElec    .         Reflect  .   (cloak currently unavailable)
rCorr    .         Harm     .   (gloves currently unavailable)
MR       .....                  (boots currently unavailable)
Stlth    +.........             (no amulet)
HPRegen  0.27/turn              H - ring of poison resistance
MPRegen  0.14/turn              E - ring of positive energy

@: about to teleport, ice-form
A: large, (breathe frost), unfitting armour, AC +7
a: End Transformation, Renounce Religion


You were on level 10 of the Dungeon.
You worshipped Makhleb.
Makhleb was aware of your devotion.
You were hungry.
You were a creature of crystalline ice.
You visited 2 branches of the dungeon, and saw 11 of its levels.

You collected 470 gold pieces.

Inventory:

Missiles
 a - 110 arrows
 w - 5 tomahawks of returning (quivered)
 x - a throwing net
Armour
 k - the +0 cloak of Broken Taboos (melded) {Str+4 Int+4}
   (You found it on level 4 of the Dungeon)

   It affects your strength (+4).
   It affects your intelligence (+4).
 y - a +0 buckler (melded)
 K - a +0 pair of boots (melded)
Jewellery
 n - an uncursed ring of poison resistance
 E - a ring of positive energy (right front paw)
 H - a ring of poison resistance (left front paw)
Wands
 C - a wand of scattershot (12)
 F - a wand of iceblast (6)
 G - a wand of polymorph (10)
 J - a wand of flame (28)
Scrolls
 j - 2 scrolls of remove curse
 l - a scroll of fog
 m - a scroll of enchant weapon
 o - 5 scrolls of enchant armour
 u - 5 scrolls of teleportation
 z - 4 scrolls of identify
 D - a scroll of random uselessness {unknown}
 I - a scroll of immolation {unknown}
Potions
 e - 2 potions of curing
 f - a potion of brilliance
 g - 2 potions of agility
 q - 3 potions of heal wounds {unknown}
 r - 2 potions of magic {unknown}
 s - a potion of mutation {unknown}
 t - 3 potions of flight
 v - a potion of lignification
 A - a potion of might
 B - a potion of ambrosia {unknown}
Books
 b - a book of Changes

   Spells                             Type                      Level
   a - Beastly Appendage              Transmutation                1
   b - Sticks to Snakes               Transmutation                2
   c - Spider Form                    Transmutation/Poison         3
   d - Ice Form                       Ice/Transmutation            4
   e - Blade Hands                    Transmutation                5
Comestibles
 c - 2 bread rations
 d - 13 fruits
 h - 3 meat rations
 p - 13 royal jellies


   Skills:
 + Level 7.6 Fighting
 + Level 4.4 Dodging
 - Level 4.0 Shields
 + Level 8.1 Unarmed Combat
 + Level 3.7 Spellcasting
 * Level 9.8 Transmutations
 - Level 4.1 Ice Magic
 - Level 2.0 Poison Magic
 + Level 4.5 Invocations


You had one spell level left.
You knew the following spells:

 Your Spells              Type           Power        Failure   Level  Hunger
a - Beastly Appendage     Tmut           ####..       1%          1    None
b - Spider Form           Tmut/Pois      ###.......   5%          3    ###....
c - Ice Form              Ice/Tmut       ###.....     11%         4    ####...
d - Sticks to Snakes      Tmut           ####....     1%          2    ##.....
e - Blade Hands           Tmut           ####......   10%         5    ######.


Dungeon Overview and Level Annotations

Branches:
Dungeon (10/15)            Temple (1/1) D:7            Lair (0/6) D:9
    Orc: D:9-12

Altars:
Ashenzari
Cheibriados
Dithmenos
Elyvilon
Fedhas
Gozag
Hepliaklqana
Kikubaaqudgha
Makhleb
Nemelex Xobeh
Okawaru
Qazlal
Ru
Sif Muna
Trog
Uskayaw
Vehumet
Wu Jian
Xom
Yredelemnul
Zin
The Shining One

Shops:
D:5 [

Annotations:
D:5 2 transporters


Innate Abilities, Weirdness & Mutations

((You can breathe waves of freezing cold.))
((You can buffet flying creatures when you breathe cold.))
((Your icy white scales are hard. (AC +7)))
You cannot fit into any form of body armour.
((Your flesh is cold resistant. (rC+)))
((You are cold-blooded and may be slowed by cold attacks.))


Message History

The orc warrior is moderately wounded.
The orc warrior hits you with a halberd!!
* * * LOW HITPOINT WARNING * * *
The orc priest calls down the wrath of Beogh upon you.
Beogh smites you!
* * * LOW HITPOINT WARNING * * *
You barely miss the orc warrior.
The orc warrior is moderately wounded.
The orc warrior barely misses you.
You feel better.
The orc warrior hits you with a halberd!
* * * LOW HITPOINT WARNING * * *
An orc comes into view. It is wielding a morningstar.
You hit the orc warrior but do no damage.
The orc warrior is moderately wounded.
As you read the scroll of teleportation, it crumbles to dust.
You feel strangely unstable. The orc warrior misses you.
The orc priest begins to cast a cantrip, but forgets the words!
The orc warrior hits you from afar with a halberd!
You die... ##### #######.... #<#........ #.#........ ##### #<#........ oo.

#######.... #o# #..###
#.# #..# #Y# #..# #(#
#..# #(# #..#
#######.###########..###
........................
#.......................
#.......................
##.......................
..(......................


You could see an orc warrior, an orc priest and an orc.

Vanquished Creatures
  4 two-headed ogres
  The ghost of Raine357 the Cutter, a novice VSCK of Xom (D:7)
  Joseph (D:8)
  Psyche (D:8)
  2 hippogriffs (D:8)
  Eustachio (D:5)
  A steam dragon (D:9)
  A black bear (D:7)
  3 ice beasts
  A sky beast (D:7)
  4 centaurs
  7 bullfrogs
  A big kobold (D:7)
  A wyvern zombie (D:10)
  2 scorpions
  3 wights (D:7)
  4 killer bees (D:9)
  2 howler monkeys
  A bullfrog zombie (D:8)
  A centaur zombie (D:7)
  2 crimson imps
  5 hounds
  5 jellies
  7 orc priests
  3 bullfrog skeletons
  A centaur skeleton (D:5)
  9 orc wizards
  An iguana (D:4)
  5 worker ants
  A hound skeleton (D:2)
  2 worker ant zombies
  4 gnolls
  13 adders
  2 shadow imps
  8 oozes
  4 worms
  A dart slug (D:1)
  6 leopard geckos
  27 orcs
  7 giant cockroaches
  10 hobgoblins
  10 jackals
  13 kobolds
  5 quokkas
  3 ball pythons
  9 bats
  3 frilled lizards
  11 goblins
  13 rats
232 creatures vanquished.

Vanquished Creatures (collateral kills)
  An orc warrior (D:9)
  An orc wizard (D:9)
  A giant cockroach (D:7)
  2 kobolds (D:7)
5 creatures vanquished.

Vanquished Creatures (others)
  9 fungi (D:5)
  3 plants (D:5)
12 creatures vanquished.

Grand Total: 249 creatures vanquished

Notes
Turn   | Place    | Note
-------+----------+-------------------------------------------
     0 | D:1      | Hafrunt the Draconian Transmuter began the quest for the Orb.
     0 | D:1      | Reached XP level 1. HP: 16/16 MP: 3/3
   131 | D:1      | Reached XP level 2. HP: 12/23 MP: 1/5
   135 | D:1      | Learned a level 2 spell: Sticks to Snakes
   462 | D:1      | Reached skill level 3 in Transmutations
   462 | D:1      | Reached XP level 3. HP: 16/28 MP: 6/6
   683 | D:1      | Learned a level 3 spell: Spider Form
  1193 | D:2      | Reached skill level 1 in Poison Magic
  1193 | D:2      | Reached XP level 4. HP: 35/35 MP: 5/7
  1206 | D:2      | Found a faded altar of an unknown god.
  1560 | D:2      | Found a deep blue altar of Sif Muna.
  1563 | D:2      | Found a shadowy altar of Dithmenos.
  1579 | D:2      | Found a sacrificial altar of Ru.
  2125 | D:3      | Reached XP level 5. HP: 40/40 MP: 6/8
  2373 | D:3      | Reached skill level 4 in Transmutations
  3483 | D:4      | Reached XP level 6. HP: 48/48 MP: 7/9
  3489 | D:4      | Learned a level 1 spell: Beastly Appendage
  3734 | D:4      | Got a translucent cloak
  3740 | D:4      | Identified the +0 cloak of Broken Taboos {Str+4 Int+4} (You found it on level 4 of the Dungeon)
  3814 | D:4      | Reached skill level 5 in Transmutations
  4296 | D:5      | Entered Level 5 of the Dungeon
  4372 | D:5      | Found a transporter.
  4372 | D:5      | Noticed a five-headed hydra
  4373 | D:5      | Found a basalt altar of Yredelemnul.
  4390 | D:5      | Found a transporter.
  4417 | D:5      | Noticed an ice beast
  4573 | D:5      | Your scales start taking on an icy white colour.
  4573 | D:5      | Reached XP level 7. HP: 24/57 MP: 3/10
  4573 | D:5      | Gained mutation: Your flesh is cold resistant. (rC+) [White Draconian growth]
  4850 | D:5      | Noticed Eustachio
  4886 | D:5      | Killed Eustachio
  4886 | D:5      | Reached skill level 5 in Unarmed Combat
  5028 | D:5      | Reached skill level 6 in Transmutations
  5134 | D:5      | Learned a level 4 spell: Ice Form
  5266 | D:5      | Found Oploet's Armour Emporium.
  5283 | D:5      | Reached skill level 1 in Shields
  5283 | D:5      | Reached skill level 1 in Ice Magic
  5348 | D:5      | Found a blossoming altar of Fedhas.
  5359 | D:5      | Reached XP level 8. HP: 25/66 MP: 8/12
  6412 | D:6      | Found a snail-covered altar of Cheibriados.
  6513 | D:6      | Reached skill level 5 in Fighting
  6754 | D:6      | You fall through a shaft!
  6904 | D:7      | Noticed Raine357's ghost (novice VSCK)
  6934 | D:7      | Killed Raine357's ghost
  6934 | D:7      | Reached skill level 7 in Transmutations
  6934 | D:7      | Reached XP level 9. HP: 36/74 MP: 5/13
  7193 | D:7      | Found a glowing silver altar of Zin.
  8085 | D:7      | Found a staircase to the Ecumenical Temple.
  8090 | Temple   | Entered the Ecumenical Temple
  8290 | Temple   | Became a worshipper of Makhleb the Destroyer
  8912 | D:8      | Noticed Psyche
  9181 | D:8      | Found an opulent altar of Gozag.
  9469 | D:8      | Noticed Joseph
  9482 | D:8      | Killed Joseph
  9482 | D:8      | Reached skill level 8 in Transmutations
  9482 | D:8      | Reached skill level 1 in Invocations
  9608 | D:8      | Noticed a two-headed ogre
  9637 | D:8      | Killed a two-headed ogre
  9637 | D:8      | Reached XP level 10. HP: 12/84 MP: 14/14
  9955 | D:8      | Noticed a hand axe
  9955 | D:8      | Found a hide-covered altar of Uskayaw.
  9955 | D:8      | Noticed a hand axe
 10034 | D:8      | Noticed a two-headed ogre
 10052 | D:8      | Killed a two-headed ogre
 10209 | D:8      | Reached * piety under Makhleb
 10222 | D:8      | Reached skill level 9 in Transmutations
 10463 | D:8      | Killed Psyche
 10823 | D:9      | Noticed a two-headed ogre
 10835 | D:9      | Killed a two-headed ogre
 10914 | D:9      | Found a glowing golden altar of the Shining One.
 10952 | D:9      | Learned a level 5 spell: Blade Hands
 11383 | D:9      | Found a staircase to the Lair.
 11933 | D:10     | Entered Level 10 of the Dungeon
 12006 | D:10     | Noticed a two-headed ogre
 12041 | D:10     | Killed a two-headed ogre
 12169 | D:10     | HP: 4/105 [orc warrior/halberd (16)]
 12172 | D:10     | Mangled by an orc warrior

Vault maps used:
D:1:      kennysheep_arrival_seaside
D:2:      grunt_temple_overflow_diamond, first_bread,
          chequers_ecumenical_altar_simple_redux, st_stairs_3
D:4:      gup_sewer_entry_spiral
D:5:      gammafunk_temple_overflow_arena, serial_shops,
          nicolae_shop_behind_doors, fedhas_altar_3, uniq_eustachio
D:6:      old_standard_altar, moated_statue, minmay_holes
D:7:      lemuel_crystal_altar, temple_doors_e
D:8:      grunt_gozag_breadcrumbs, dancing_weapons_uskayaw,
          hangedman_little_slice_of_home, uniq_joseph, uniq_psyche
D:9:      overflow_temple_1_default, lair_entry_dummy
D:10:     hangedman_glass_teeth, stair_cage_wide, kennysheep_decorative_pillar
Temple:   nicolae_temple_figure_eight

Skill      XL: |  1  2  3  4  5  6  7  8  9 10 |
---------------+-------------------------------+-----
Transmutations | 3 4 5 6 7 8 9 |  9.8
Poison Magic   | 1 2 |  2.0
Unarmed Combat | 4 5 6 7 8 |  8.1
Fighting       | 2 3 4 5 6 7 |  7.6
Spellcasting   | 3 |  3.7
Shields        | 1 3 4 |  4.0
Ice Magic      | 1 4 |  4.1
Dodging        | 3 4 |  4.4
Invocations    | 2 4 |  4.5

Action                   |  1- 3 |  4- 6 |  7- 9 | 10-12 || total
-------------------------+-------+-------+-------+-------++-------
Melee: Unarmed           |   111 |   285 |   344 |   139 ||   879
       Kick              |    10 |    13 |    23 |     6 ||    52
       Tailslap          |     8 |    23 |    28 |     6 ||    65
       Headbutt          |     3 |    22 |    19 |     3 ||    47
       Punch             |     1 |     3 |     4 |       ||     8
Throw: Tomahawk          |       |       |     4 |       ||     4
 Cast: Beastly Appendage |    25 |    48 |    35 |     5 ||   113
       Spider Form       |       |     8 |    17 |     7 ||    32
       Sticks to Snakes  |       |     7 |    17 |     9 ||    33
       Ice Form          |       |       |     2 |     6 ||     8
 Abil: End Transformatio |       |       |     9 |     8 ||    17
       Breathe Frost     |       |       |     3 |     1 ||     4
  Use: Scroll            |       |     8 |     8 |     1 ||    17
       Potion            |       |     1 |     2 |     3 ||     6
 Stab: Sleeping          |       |     2 |       |     1 ||     3
       Distracted        |       |       |     1 |       ||     1
  Eat: Chunk             |     2 |    11 |     6 |     2 ||    21
       Royal jelly       |       |     1 |       |       ||     1
       Bread ration      |       |       |     3 |     2 ||     5
Armor: Skin              |    27 |    90 |    74 |    23 ||   214
Dodge: Dodged            |    50 |   182 |   242 |   111 ||   585
Block: Buckler           |       |       |    27 |     8 ||    35

Table legend:
 A = Spawn XP
 B = Non-spawn XP
 C = Spawn XP percentage of total XP
 D = Spawn monster count
 E = Non-spawn monster count
 F = Spawn count percentage of total count
 G = Total turns spent on level
                    A         B        C        D         E        F      G
               +---------+---------+-------+---------+---------+-------+---------
         Total |       0 |   10537 |   0.0 |       0 |     237 |   0.0 | 12172
               +---------+---------+-------+---------+---------+-------+---------
           D:1 |       0 |      79 |   0.0 |       0 |      32 |   0.0 |  1106
           D:2 |       0 |      87 |   0.0 |       0 |      23 |   0.0 |   860
           D:3 |       0 |     114 |   0.0 |       0 |      31 |   0.0 |  1185
           D:4 |       0 |     328 |   0.0 |       0 |      21 |   0.0 |  1193
           D:5 |       0 |    1177 |   0.0 |       0 |      26 |   0.0 |  1645
           D:6 |       0 |     674 |   0.0 |       0 |      18 |   0.0 |   956
           D:7 |       0 |    1561 |   0.0 |       0 |      35 |   0.0 |  1749
           D:8 |       0 |    3507 |   0.0 |       0 |      22 |   0.0 |  1706
           D:9 |       0 |    1892 |   0.0 |       0 |      24 |   0.0 |  1322
          D:10 |       0 |    1118 |   0.0 |       0 |       5 |   0.0 |   239
               +---------+---------+-------+---------+---------+-------+---------
